Map: Scythe of Amon

Players

Blackshark

  • Race: Terran Terran
  • Spawn Location: 5:00

NamroodTuo

  • Race: Terran Terran
  • Spawn Location: 5:00

VOD

Have the link to the VOD?

Description

Time

  • Played on: Jan. 31, 2023, 11:04 a.m.
  • Length: 8:12
Show
View Real Time Build Order
Export as new Build Order

Blackshark Terran 

Build Orders:  

Get SALT Encoding   

  12  0:26  SCV  
  13  0:43  SCV  
  7  1:00  SCV  
  15  1:17  Supply Depot  
  9  1:20  SCV  
  15  1:26  Supply Depot  
  16  1:36  SCV  
  17  1:45  Refinery  
  17  1:49  Refinery  
  17  2:15  Barracks  
  17  2:32  SCV  
  18  2:49  SCV  
  19  2:58  Engineering Bay  
  19  3:06  SCV  
  20  3:22  SCV, Barracks Tech Lab  
  21  3:38  Bunker  
  21  3:39  SCV  
  22  3:56  SCV  
  23  4:13  SCV  
  24  4:22  Barracks  
  24  4:30  SCV  
  25  4:45  Marauder  
  25  4:47  SCV  
  28  4:57  Firebat  
  28  5:04  SCV  
  31  5:18  Factory  
  31  5:20  Supply Depot  
  31  5:21  Marauder  
  31  5:23  SCV, Supply Depot  
  34  5:33  Firebat, Supply Depot  
  34  5:38  Supply Depot  
  36  5:40  SCV  
  36  5:46  Medic  
  39  5:51  Supply Depot  
  39  6:03  Barracks Reactor  
  39  6:27  Missile Turret  
  39  7:02  Starport  
  39  7:15  Marine x2  
  41  7:25  Marine x2  
  43  7:35  Marine x2  
  45  7:45  Marine x2  
  47  7:55  Factory Tech Lab  
  47  8:02  Armory  
Show
View Real Time Build Order
Export as new Build Order

NamroodTuo Terran 

Build Orders:  

Get SALT Encoding   

  12  0:05  SCV  
  13  0:21  Supply Depot  
  13  0:25  SCV  
  14  0:38  SCV  
  15  0:53  Factory  
  15  0:58  SCV  
  16  1:07  Supply Depot  
  16  1:18  SCV  
  17  1:43  Engineering Bay  
  17  2:00  SCV  
  17  2:09  Refinery  
  18  2:14  SCV, Refinery  
  19  2:20  Perdition Turret  
  19  2:27  SCV  
  20  2:33  Armory  
  20  2:41  SCV  
  20  2:44  Perdition Turret  
  21  2:54  SCV  
  22  3:08  SCV  
  23  3:21  SCV  
  24  3:39  SCV  
  25  3:58  Devastation Turret  
  25  4:00  SCV  
  26  4:14  SCV  
  27  4:27  SCV  
  28  4:33  Structure Armor  
  28  4:39  Supply Depot  
  28  4:41  SCV  
  28  4:44  Devastation Turret  
  29  4:54  SCV  
  30  5:13  Supply Depot  
  30  5:22  Perdition Turret  
  30  5:28  Devastation Turret  
  30  6:00  Supply Depot  
  30  6:04  Hi-Sec Auto Tracking  
  30  6:12  Starport  
  30  6:17  Goliath  
  32  6:34  SCV  
  33  6:48  Spinning Dizzy  
  33  6:49  Goliath  
  35  7:10  Perdition Turret  
  35  7:21  Goliath  
Tags
 
Commander
RaynorSwann
Matchup
Co-op
Replay Pack
Multiplayer
Add a new tag
Caveats
  • Supply blocks, unpowered buildings, or Contaminate may cause inaccurate times.
  • Supply counts are checked every 10 seconds.